Map: Eternal Empire LE

Players

AqueroN

  • Race: Terran Terran
  • League: Grandmaster
  • Spawn Location: 7:00

AGOElazer (Elazer) - Winner!

  • Race: Zerg Zerg
  • League: Master
  • Spawn Location: 1:00

Event: DreamHack SC2 Masters 2020 Fall

VOD

Have the link to the VOD?

Description

Time

  • Played on: Aug. 30, 2020, 12:55 p.m.
  • Length: 7:27

All games in this series

Show
View Real Time Build Order
Export as new Build Order

AqueroN Terran 

Build Orders: Hellion Opening, Reaper Expand 

Get SALT Encoding   

  12  0:00  SCV  
  13  0:12  SCV  
  14  0:17  Supply Depot  
  14  0:24  SCV  
  15  0:39  SCV  
  15  0:41  Barracks  
  16  0:46  Refinery  
  16  0:51  SCV  
  17  1:03  SCV  
  18  1:15  SCV  
  19  1:28  Orbital Command  
  19  1:29  Reaper  
  20  1:42  Command Center  
  20  1:51  Supply Depot  
  20  1:53  SCV  
  21  2:01  Marine  
  21  2:05  SCV  
  23  2:10  Factory  
  23  2:17  SCV  
  23  2:18  Refinery  
  24  2:24  Barracks Reactor  
  24  2:29  SCV  
  25  2:41  SCV  
  26  2:53  SCV  
  26  2:55  Orbital Command, Starport  
  29  3:06  SCV, Hellion x2  
  29  3:10  Marine  
  33  3:17  Supply Depot  
  33  3:18  SCV  
  34  3:22  SCV  
  37  3:27  Hellion x2  
  37  3:30  SCV, Marine  
  41  3:37  Armory  
  41  3:43  Medivac  
  41  3:44  SCV  
  41  3:46  SCV  
  41  3:48  Marine  
  45  3:49  Hellion  
  45  3:53  Hellion  
  50  4:00  Supply Depot  
  50  4:08  Barracks Tech Lab  
  50  4:09  SCV x2  
  52  4:10  Hellion  
  54  4:22  Hellion, Liberator  
  54  4:23  Supply Depot  
  59  4:30  SCV  
  59  4:31  SCV  
  61  4:37  Hellion  
  60  4:43  SCV x2  
  60  4:44  Hellion  
  53  4:58  SCV  
  50  5:05  Hellion x2  
  50  5:06  SCV  
  38  5:10  SCV  
  37  5:18  SCV  
  37  5:19  Command Center  
  38  5:22  Stimpack, Marine  
  38  5:23  SCV  
  40  5:29  Viking  
  40  5:30  SCV  
  40  5:35  SCV  
  44  5:43  SCV  
  44  5:47  SCV  
  40  5:50  Factory Reactor  
  40  5:51  Barracks  
  40  5:55  SCV  
  41  5:59  Marine  
  41  6:00  SCV  
  41  6:02  Starport Reactor  
  43  6:07  SCV  
  43  6:08  Engineering Bay  
  43  6:09  Engineering Bay  
  44  6:12  SCV  
  44  6:16  Marine  
  46  6:19  SCV  
  46  6:20  Barracks  
  47  6:25  SCV  
  47  6:28  Supply Depot  
  47  6:31  SCV  
  49  6:35  Orbital Command  
  49  6:37  Marine  
  49  6:38  SCV  
  51  6:40  Marine  
  51  6:41  Marine  
  51  6:46  SCV  
  54  6:50  SCV  
  54  6:53  Factory Reactor  
  55  6:56  Missile Turret  
  55  6:57  Orbital Command  
  55  6:58  Missile Turret  
  55  6:59  Marine  
  55  7:00  Marine  
  54  7:03  SCV  
  54  7:05  SCV  
Show
View Real Time Build Order
Export as new Build Order

AGOElazer Zerg - Winner!

Build Orders: Hatch First 

Get SALT Encoding   

  12  0:00  Drone  
  13  0:12  Overlord  
  13  0:16  Drone  
  14  0:30  Drone x2  
  16  0:48  Hatchery  
  15  0:51  Drone  
  15  0:55  Drone  
  17  0:58  Drone  
  18  1:09  Extractor  
  17  1:14  Spawning Pool  
  17  1:17  Drone  
  17  1:20  Drone  
  18  1:29  Drone  
  19  1:38  Drone  
  20  1:49  Drone  
  21  2:00  Queen x2  
  26  2:01  Zergling x2, Overlord  
  26  2:11  Zergling x2  
  26  2:12  Drone  
  26  2:13  Metabolic Boost  
  28  2:22  Drone x2  
  30  2:33  Drone x2  
  32  2:37  Queen  
  32  2:39  Queen  
  32  2:44  Overlord  
  36  2:49  Overlord  
  36  3:04  Drone x3  
  40  3:05  Drone  
  40  3:13  Drone x6  
  46  3:21  Drone x2  
  48  3:28  Hatchery  
  47  3:35  Lair  
  47  3:37  Overlord  
  47  3:39  Extractor  
  47  3:40  Drone  
  47  3:43  Drone x2  
  47  3:47  Extractor  
  47  3:48  Drone x2, Extractor  
  49  3:49  Drone  
  49  3:54  Drone x2  
  52  3:57  Drone x2  
  54  4:05  Baneling Nest  
  54  4:06  Drone  
  54  4:07  Overlord  
  54  4:11  Queen  
  54  4:13  Zergling x2  
  57  4:19  Zergling x2  
  58  4:26  Drone x2  
  58  4:29  Zergling x6, Evolution Chamber  
  62  4:31  Zergling x4  
  62  4:33  Queen  
  62  4:36  Zergling x2  
  67  4:41  Zergling x4  
  67  4:42  Queen  
  71  4:48  Baneling x4  
  71  4:51  Zergling x2  
  72  4:55  Zergling x4  
  72  4:57  Queen  
  72  4:59  Zergling x2  
  73  5:04  Zergling x8  
  73  5:14  Spire  
  73  5:20  Spore Crawler x2  
  70  5:23  Drone  
  70  5:24  Drone  
  70  5:25  Drone  
  73  5:34  Overlord  
  71  5:46  Drone x4  
  71  5:49  Drone x2  
  74  5:53  Drone x8  
  74  5:54  Overlord  
  82  5:57  Extractor  
  82  5:59  Drone  
  82  6:03  Overlord  
  82  6:06  Extractor  
  82  6:07  Drone  
  82  6:10  Evolution Chamber  
  81  6:11  Drone  
  81  6:13  Overseer  
  81  6:17  Overlord  
  82  6:18  Overlord  
  82  6:26  Mutalisk x6  
  94  6:34  Mutalisk x2  
  94  6:38  Mutalisk  
  94  6:39  Mutalisk  
  102  6:49  Drone x5  
  102  6:51  Drone x2  
  109  6:59  Drone  
  110  7:02  Evolution Chamber  
  110  7:04  Overlord  
  110  7:08  Zergling x10  

Tags
 
Add a new tag
Caveats
  • Supply blocks, unpowered buildings, or Contaminate may cause inaccurate times.
  • Supply counts are checked every 10 seconds.